 Dungeon Crawl Stone Soup version 0.31-a0-43-g46d131a48f (webtiles) character file.

Game seed: 11504669828718031125

34860 CowFu the Carver (level 13, -1/118 HPs)
             Began as a Minotaur Fighter on May 19, 2023.
             Was a High Priest of Yredelemnul.
             Slain by a blink frog (13 damage)
             ... on level 4 of the Lair of Beasts.
             The game lasted 00:24:14 (14058 turns).

CowFu the Carver (Minotaur Fighter)                Turns: 14058, Time: 00:24:15

Health: -1/118     AC: 20    Str: 25    XL:     13   Next: 44%
Magic:  0/16       EV: 11    Int:  5    God:    Yredelemnul [*****.]
Gold:   1035       SH: 16    Dex: 11    Spells: 12/12 levels left

rFire   . . .        a - +7 scimitar (freeze)
rCold   + . .        v - +0 tower shield
rNeg    . . .        s - +2 chain mail {rC+}
rPois   +            (helmet restricted)
rElec   .            y - +1 cloak
rCorr   .            r - +0 pair of gloves
SInv    .            R - +0 pair of boots
Will    +....        n - amulet of guardian spirit Stlth
                     u - ring of poison resistance
HPRegen 0.39/turn    H - ring of willpower
MPRegen 0.15/turn

%: guardian spirit
@: studying Dodging
A: horns 2, retaliatory headbutt
a: Renounce Religion, Recall Undead Harvest, Dark Bargain, Drain Life, Bind Soul


You were on level 4 of the Lair of Beasts.
You worshipped Yredelemnul.
Yredelemnul was noncommittal.
You visited 2 branches of the dungeon, and saw 14 of its levels.
You also visited: Bailey.

You collected 1035 gold pieces.

Inventory:

Hand Weapons
 a - a +7 scimitar of freezing (weapon)
 b - a +2 short sword of speed
Armour
 d - a scarf of repulsion
 o - a scarf of invisibility
 r - a +0 pair of gloves (worn)
 s - a +2 chain mail of cold resistance (worn)
 v - a +0 tower shield (worn)
 y - a +1 cloak (worn)
 C - a +0 cloak
 R - a +0 pair of boots (worn)
Jewellery
 n - an amulet of guardian spirit (around neck)
 p - a ring of fire
 u - a ring of poison resistance (left hand)
 F - a ring of protection from fire
 H - a ring of willpower (right hand)
 I - an amulet of faith
 L - a ring of wizardry
 M - a ring of wizardry
 N - a ring of ice
 Q - a ring of ice
Wands
 g - a wand of quicksilver (11)
 m - a wand of mindburst (9)
 q - a wand of roots (10)
 x - a wand of flame (46)
 B - a wand of charming (29)
Scrolls
 h - 3 scrolls of teleportation
 i - 2 scrolls of fog
 D - 2 scrolls of poison
 J - 2 scrolls of blinking
 O - 3 scrolls of identify
Potions
 c - 2 potions of might
 e - a potion of resistance {unknown}
 f - 11 potions of curing
 j - a potion of heal wounds
 k - a potion of brilliance
 l - 3 potions of attraction
 t - 5 potions of lignification
 w - 3 potions of haste
 z - 3 potions of cancellation {unknown}
 A - 2 potions of mutation {unknown}
 E - 3 potions of invisibility {unknown}
 G - 2 potions of berserk rage {unknown}
 K - 3 potions of degeneration {unknown}
 P - a potion of flight {unknown}
 S - a potion of ambrosia {unknown}
Miscellaneous
 T - a condenser vane


   Skills:
 + Level 12.3 Fighting
 - Level 14.0 Long Blades
 + Level 12.2 Armour
 + Level 12.3 Dodging
 + Level 12.3 Shields
 + Level 5.7 Invocations


You had 12 spell levels left.
You didn't know any spells.
Your spell library contained the following spells:

 Spells                   Type           Power      Damage    Failure   Level
 Magic Dart               Conj           0%         1d3       99%         1
 Call Imp                 Summ           0%         N/A       100%        2
 Ensorcelled Hibernation  Hex/Ice        0%         N/A       100%        2
 Passwall                 Tmut/Erth      0%         N/A       100%        2
 Dazzling Flash           Conj/Hex       0%         N/A       100%        3
 Mephitic Cloud           Conj/Pois/Air  0%         N/A       100%        3
 Ozocubu's Armour         Ice            0%         N/A       100%        3
 Spider Form              Tmut/Pois      0%         N/A       100%        3
 Swiftness                Air            0%         N/A       100%        3
 Anguish                  Hex/Necr       0%         N/A       100%        4
 Agony                    Necr           0%         N/A       100%        5
 Metabolic Englaciation   Hex/Ice        0%         N/A       100%        5
 Silence                  Hex/Air        0%         N/A       100%        5
 Simulacrum               Ice/Necr       Unusable   N/A       N/A         6

Dungeon Overview and Level Annotations

Branches:
Dungeon (10/15)            Temple (0/1) D:5            Lair (4/5) D:10
  Swamp (0/4) Lair:2        Snake (0/4) Lair:2          Orc (0/2) D:9
 Bailey (visited)
  Slime: Lair:4-5

Altars:
Cheibriados
Elyvilon
Kikubaaqudgha
Qazlal
Sif Muna
Trog
Yredelemnul
Zin
The Shining One


Innate Abilities, Weirdness & Mutations

You have a pair of horns on your head.
You reflexively headbutt those who attack you in melee.


Message History

The killer bee barely misses your yak zombie.
Your killer bee zombie misses the killer bee.
Your yak zombie misses the killer bee.
Your yak zombie gores the killer bee.
The killer bee stings your yak zombie.
Your killer bee zombie hits the killer bee.
The killer bee dies!
The dead are flying!
The blink frog blinks!
Your yak zombie closely misses the killer bee.
Your killer bee zombie misses the killer bee.
Your yak zombie gores the killer bee.
The blink frog blinks!
You swap places.
The killer bee stings your yak zombie.
Your killer bee zombie hits the killer bee.
Your killer bee zombie misses the killer bee.
Your yak zombie gores the killer bee!
The blink frog blinks!
The killer bee stings your yak zombie but does no damage.
Your killer bee zombie closely misses the killer bee.
Your yak zombie closely misses the killer bee.
Your killer bee zombie completely misses the killer bee.
Your yak zombie gores the killer bee.
The killer bee dies!
The dead are flying!
The meliai hits your killer bee zombie with a +0 hand axe.
The meliai barely misses your killer bee zombie.
You block the blink frog's attack.
Your killer bee zombie barely misses the meliai.
Your killer bee zombie misses the blink frog.
The meliai hits your killer bee zombie with a +0 hand axe.
The meliai stings your killer bee zombie!
You swap places.
Your killer bee zombie hits the meliai!
Your killer bee zombie completely misses the blink frog.
The meliai calls down the wrath of its god upon you.
Something smites you!
* * * LOW HITPOINT WARNING * * *
You block the blink frog's attack.
Your killer bee zombie hits the meliai.
Your killer bee zombie barely misses the blink frog.
The meliai hits your killer bee zombie with a +0 hand axe!
Your killer bee zombie is destroyed!
The blink frog blinks!
The blink frog hits you!
You die...
Your body rises from the dead as a mindless zombie.

..###...Z...........####.....####
..P###.###........### #.......# #
..## ### #.......#######.....## #
..########......####....)...##
...............####.....#####
.............### #.......#
............#######.....##
...........####F..#Z...##
..........####.Z@.Z#####
..........# #...#ZZZ# ..........#
#....Z)#####...
..........#####..Z#yy...#
...........########klĀ§..#
.............## .yyF...#
..............#####Y....##
................####......
.................## ####y..


You could see a komodo dragon, 2 blink frogs, a rime drake, a meliai (ally
target), 2 killer bees, a friendly water moccasin zombie, 3 friendly yak
zombies, 3 friendly killer bee zombies and the friendly Rupert the human zombie.

Vanquished Creatures
  Rupert (Lair:4)
  2 hydras
  2 vault guards (Bailey)
  A two-headed ogre (D:10)
  A skyshark (Lair:4)
  Pikel (D:8)
  An ugly thing (D:10)
  A black mamba (Lair:2)
  A yaktaur (D:10)
  A kobold demonologist (D:9)
  6 cane toads
  2 rime drakes (Lair:4)
  4 komodo dragons
  A polar bear (Lair:2)
  4 meliai (Lair:4)
  A hornet (D:8)
  Prince Ribbit (Bailey)
  A slime creature (D:10)
  27 yaks
  2 wyverns
  A basilisk (Lair:3)
  5 humans (Bailey)
  A steam dragon (D:7)
  2 hell hounds (Lair:2)
  9 water moccasins
  2 acid dragons
  12 orc warriors
  A sky beast (D:7)
  2 black bears
  An ogre (D:5)
  6 centaurs
  15 wolves
  A lemure (D:8)
  A phantom (D:5)
  6 kobold brigands
  23 bullfrogs
  5 scorpions
  14 wights
  19 killer bees
  3 orc priests
  6 hounds
  2 jellies
  Terence (D:2)
  14 orc wizards
  5 iguanas
  13 hell rats
  5 adders
  11 gnolls
  2 white imps
  2 ufetubi (D:7)
  2 worms (D:2)
  A dart slug (D:2)
  36 orcs
  5 bats
  4 endoplasms
  2 giant cockroaches (D:4)
  4 goblins
  5 hobgoblins
  2 jackals (D:3)
  27 kobolds
  3 quokkas
  13 ball pythons
  4 frilled lizards
  3 rats
362 creatures vanquished.

Vanquished Creatures (collateral kills)
  2 hydras (Lair:2)
  Fannar (Lair:2)
  A catoblepas (Lair:3)
  2 black mambas (Lair:3)
  2 rime drakes
  A cane toad (Lair:2)
  A komodo dragon (Lair:4)
  A polar bear (Lair:1)
  A meliai (Lair:4)
  A wraith (D:10)
  8 yaks
  4 basilisks
  2 nagas (Lair:2)
  A water moccasin (D:6)
  An orc warrior (D:10)
  An ice beast (D:6)
  7 wolves
  A kobold brigand (D:10)
  4 bullfrogs
  A scorpion (D:5)
  A wight (D:10)
  10 killer bees
  A wolf zombie (Lair:4)
  2 orc priests
  A hound (D:4)
  A jelly (D:7)
  A sleepcap (D:7)
  An iguana (D:4)
  A hell rat (Lair:4)
  2 gnolls
  An adder (D:6)
  5 orcs
  3 goblins
  A hobgoblin (D:10)
  3 kobolds
  A kobold zombie (D:9)
  4 butterflies (Lair:2)
82 creatures vanquished.

Vanquished Creatures (others)
  A meliai zombie (Lair:4)
  A black mamba zombie (Lair:2)
  3 cane toad zombies
  A rime drake zombie (Lair:4)
  A yak zombie (D:9)
  4 wolf zombies
  A centaur zombie (D:10)
  5 bullfrog zombies
  2 human zombies (Bailey)
  A scorpion zombie (D:3)
  An orc wizard (D:5)
  8 killer bee zombies
  6 hell rat zombies
  2 gnoll zombies (D:6)
  A goblin zombie (D:3)
  3 kobold zombies
  18 orc zombies
  A spectral ufetubus (D:7)
  3 butterflies (Lair:2)
63 creatures vanquished.

Grand Total: 507 creatures vanquished

Notes
Turn   | Place    | Note
-------+----------+-------------------------------------------
     0 | D:1      | CowFu the Minotaur Fighter began the quest for the Orb.
     0 | D:1      | Reached XP level 1. HP: 19/19 MP: 0/0
   315 | D:1      | Reached XP level 2. HP: 27/27 MP: 1/1
   327 | D:1      | Reached skill level 3 in Long Blades
   819 | D:2      | Noticed Terence
   828 | D:2      | Killed Terence
   829 | D:2      | Reached skill level 1 in Dodging
   829 | D:2      | Reached XP level 3. HP: 28/33 MP: 2/2
  1209 | D:2      | Found a faded altar of an unknown god.
  1215 | D:2      | Prayed at the altar of an unknown god.
  1215 | D:2      | Became a worshipper of Yredelemnul the Dark
  1215 | D:2      | Reached * piety under Yredelemnul
  1253 | D:2      | Reached XP level 4. HP: 40/40 MP: 3/3
  1371 | D:2      | Reached ** piety under Yredelemnul
  1746 | D:3      | Found a stormy altar of Qazlal.
  1827 | D:3      | Found an ancient bone altar of Kikubaaqudgha.
  1980 | D:3      | Found a bloodstained altar of Trog.
  1980 | D:3      | Found a snail-covered altar of Cheibriados.
  1985 | D:3      | Reached skill level 4 in Long Blades
  2131 | D:3      | Found a shimmering blue altar of Sif Muna.
  2132 | D:3      | Found a basalt altar of Yredelemnul.
  2233 | D:4      | Noticed a scorpion
  2233 | D:4      | Noticed a scorpion
  2233 | D:4      | Found the +3 crown of Dyrovepreva {rElec Int+2 SInv}
  2238 | D:4      | Noticed a black bear
  2242 | D:3      | Killed a scorpion
  2243 | D:3      | Reached XP level 5. HP: 26/47 MP: 4/4
  2425 | D:4      | Killed a black bear
  2426 | D:4      | Reached skill level 5 in Long Blades
  2426 | D:4      | Reached XP level 6. HP: 54/55 MP: 3/5
  2503 | D:4      | Reached skill level 5 in Shields
  2505 | D:4      | Reached skill level 5 in Fighting
  2544 | D:4      | Reached skill level 5 in Armour
  2705 | D:4      | Reached XP level 7. HP: 61/61 MP: 6/6
  2920 | D:5      | Entered Level 5 of the Dungeon
  2920 | D:5      | Found a staircase to the Ecumenical Temple.
  3134 | D:5      | Reached skill level 6 in Long Blades
  3367 | D:5      | Reached XP level 8. HP: 50/70 MP: 7/7
  3370 | D:5      | Reached skill level 7 in Long Blades
  4075 | D:6      | Reached skill level 8 in Long Blades
  4281 | D:6      | Reached *** piety under Yredelemnul
  4587 | D:6      | Reached XP level 9. HP: 75/78 MP: 6/8
  4793 | D:7      | Reached skill level 5 in Dodging
  5034 | D:7      | Reached skill level 9 in Long Blades
  5767 | D:8      | Reached skill level 10 in Long Blades
  5853 | D:8      | Reached XP level 10. HP: 35/88 MP: 4/9
  6457 | D:8      | Noticed Pikel
  6462 | D:8      | Killed Pikel
  6463 | D:8      | Reached skill level 11 in Long Blades
  7338 | D:9      | Reached skill level 12 in Long Blades
  7758 | D:9      | Reached XP level 11. HP: 76/97 MP: 8/10
  8328 | D:9      | Found a glowing golden altar of the Shining One.
  8328 | D:9      | Found a white marble altar of Elyvilon.
  8331 | D:9      | Found a glowing silver altar of Zin.
  8397 | D:9      | Found a staircase to the Orcish Mines.
  8470 | D:10     | Entered Level 10 of the Dungeon
  8664 | D:10     | Found a flagged portal.
  8727 | Bailey   | Entered a bailey
  8813 | Bailey   | Noticed a vault guard
  8813 | Bailey   | Noticed Prince Ribbit
  8824 | Bailey   | Killed Prince Ribbit
  8831 | Bailey   | Killed a vault guard
  8978 | Bailey   | Noticed a vault guard
  8999 | Bailey   | Killed a vault guard
  9212 | Bailey   | Reached skill level 13 in Long Blades
  9369 | D:10     | Noticed a two-headed ogre
  9369 | D:10     | Noticed a cyan ugly thing
  9370 | D:10     | Found a basalt altar of Yredelemnul.
  9389 | D:10     | Killed a cyan ugly thing
  9390 | D:10     | Reached skill level 10 in Shields
  9399 | D:10     | Reached skill level 10 in Armour
  9406 | D:10     | Killed a two-headed ogre
  9407 | D:10     | Reached skill level 10 in Fighting
  9680 | D:10     | Reached **** piety under Yredelemnul
  9683 | D:10     | Reached ***** piety under Yredelemnul
  9742 | D:10     | Found a staircase to the Lair.
  9787 | Lair:1   | Entered Level 1 of the Lair of Beasts
 10074 | Lair:1   | Reached XP level 12. HP: 70/106 MP: 7/11
 10359 | Lair:2   | Identified a scroll of acquirement
 10359 | Lair:2   | Acquired a manual of Dodging
 10436 | Lair:2   | Reached skill level 1 in Invocations
 10514 | Lair:2   | Noticed an eight-headed hydra
 10515 | Lair:2   | Noticed a six-headed hydra
 10519 | Lair:2   | Killed an 11-headed hydra
 10522 | Lair:2   | Killed a nine-headed hydra
 10523 | Lair:2   | Reached skill level 14 in Long Blades
 10537 | Lair:2   | Found a staircase to the Swamp.
 10721 | Lair:2   | Noticed Fannar
 10743 | Lair:2   | Killed Fannar
 10978 | Lair:2   | Found a staircase to the Snake Pit.
 11151 | Lair:2   | Reached ****** piety under Yredelemnul
 11332 | Lair:2   | Reached skill level 10 in Dodging
 11554 | Lair:2   | Identified the +4 chain mail "Lamext" {rPois Dex+5}
 11871 | Lair:3   | Noticed a catoblepas
 11878 | Lair:3   | Killed a catoblepas
 12123 | Lair:3   | Noticed a four-headed hydra
 12132 | Lair:3   | Killed a nine-headed hydra
 12759 | Lair:4   | Noticed an eight-headed hydra
 12766 | Lair:4   | Killed a 12-headed hydra
 12770 | Lair:4   | Reached XP level 13. HP: 78/116 MP: 9/15
 13322 | Lair:4   | Noticed Rupert
 13342 | Lair:4   | Killed Rupert
 13343 | Lair:4   | Reached skill level 5 in Invocations
 14028 | Lair:4   | Identified the +0 plate armour of Ebraci Syrgh {Dex+5
                  | Stlth+}
 14058 | Lair:4   | Slain by a blink frog

Illustrated notes

Levels and vault maps discovered:
D:1:      lightli_arrival_statue_moat, layout_basic, nicolae_eternal_life
D:2:      layout_loops_cross, dreamdust_ecumenical_altar_angels_and_demons,
          serial_bayou_pond_e, minmay_gold_behind_fungi, hex_medium,
          chequers_serial_rivers_micro_b, uniq_terence
D:3:      layout_loops_ring, nicolae_overflow_hidden_temple,
          gammafunk_temple_overflow_pools
D:4:      layout_rooms, minmay_misc_feat_pillars
D:5:      layout_loops_ring, temple_fountains,
          minmay_a_box_with_orc_wizards_in_it
D:6:      layout_loops_cross
D:7:      layout_rooms, hangedman_decor_peaks_small, minmay_misc_feat_five
D:8:      layout_loops_cross, minmay_misc_feat_enclosed, uniq_pikel
D:9:      wad_pebble_path, layout_loops_ring, dreamdust_divine_triumvirate,
          david_orc_4
D:10:     layout_roguey, grunt_lair_entry_orc_guard_hut, enter_bailey_4,
          dreamdust_mushroom_princess, minmay_ruined_shrine
Lair:1:   layout_roguey, grunt_megastairs_2
Lair:2:   layout_layer_cave, palyth_hydra_swamp_entry,
          guppyfry_snake_entry_island, enter_volcano_3, lemuel_fruit_fields,
          infiniplex_staircase_pool_2, uniq_fannar
Lair:3:   layout_regular_city, chequers_serial_rivers_micro_e,
          grunt_megastairs_3
Lair:4:   regret_index_combs_of_tragedy, layout_regular_city,
          lemuel_fruit_fields, grunt_megastairs_1, lemuel_fruit_fields,
          uniq_rupert

Skill      XL: |  1  2  3  4  5  6  7  8  9 10 11 12 13 |
---------------+----------------------------------------+-----
Long Blades    | 3 4 5 6 8 10 12 13 14 | 14.0
Dodging        | 1 2 3 4 6 7 8 11 12 | 12.3
Shields        | 4 5 6 8 9 10 11 12 | 12.3
Armour         | 4 5 6 7 9 10 11 12 | 12.2
Fighting       | 4 5 6 7 9 10 11 12 | 12.3
Invocations    | 4 5 |  5.7

Action                     |  1- 3 |  4- 6 |  7- 9 | 10-12 | 13-15 || total
---------------------------+-------+-------+-------+-------+-------++-------
  Melee: Long sword        |    74 |    89 |   279 |       |       ||   442
         Headbutt          |    16 |    15 |    54 |   126 |    30 ||   241
         Scimitar          |       |       |    32 |   609 |   148 ||   789
 Invoke: Dark Bargain      |       |       |     3 |     2 |     4 ||     9
         Recall Undead Har |       |       |     2 |     2 |       ||     4
         Drain Life        |       |       |       |       |     1 ||     1
    Use: Potion            |     1 |       |     1 |     1 |       ||     3
         Scroll            |       |       |    12 |     6 |       ||    18
   Stab: Distracted        |       |       |       |     6 |     2 ||     8
 Armour: Scale mail        |    14 |       |       |       |       ||    14
         Chain mail        |     9 |    62 |   142 |   214 |    52 ||   479
  Dodge: Dodged            |    35 |    48 |    94 |   162 |    50 ||   389
  Block: Buckler           |    17 |    28 |       |       |       ||    45
         Tower shield      |       |     2 |   254 |   474 |   119 ||   849

Table legend: (Time is in decaauts)
 A = Elapsed time spent in this place.
 B = Non-inter-level travel time spent in this place.
 C = Inter-level travel time spent in this place.
 D = Time resting spent in this place.
 E = Time spent auto-exploring this place.
 F = Levels seen in this place.
 G = Mean time per level.
                   A        B        C        D        E       F      G
               +--------+--------+--------+--------+--------+-----+--------+
         Total |  14148 |  13745 |    403 |     26 |  10529 |  15 |  943.2 |
       Dungeon |   9407 |   9088 |    319 |      0 |   7044 |  10 |  940.7 |
          Lair |   4245 |   4161 |     84 |     26 |   3154 |   4 | 1061.2 |
        Bailey |    495 |    495 |      0 |      0 |    330 |   1 |  495.0 |
               +--------+--------+--------+--------+--------+-----+--------+

Top non-repeatable levels by time:
     D:8: 1470 daAuts
  Lair:4: 1372 daAuts
  Lair:2: 1317 daAuts
     D:9: 1270 daAuts
  Lair:3: 986 daAuts
     D:5: 982 daAuts
     D:7: 970 daAuts
     D:6: 933 daAuts
     D:3: 902 daAuts
    D:10: 819 daAuts
     D:1: 804 daAuts
     D:2: 734 daAuts
  Lair:1: 568 daAuts
     D:4: 520 daAuts
  Bailey: 495 daAuts
